 Dungeon Sprint DCSS version 0.30-a0-715-gdb4ae3ece1 (webtiles) character file.

Game seed: 15691534301515604327

3821 Hubris850 the Brawler (level 9, -8/98 HPs)
             Began as a Troll Berserker on Jan 24, 2023.
             Was a High Priest of Trog.
             Succumbed to a death drake's dark miasma
             ... in the Dungeon (Sprint II: "The Violet Keep of Menkaure").
             The game lasted 00:06:15 (631 turns).

Hubris850 the Brawler (Troll Berserker)              Turns: 631, Time: 00:06:15

Health: -8/98      AC:  9    Str: 31    XL:     9   Next: 97%
Magic:  8/8        EV: 17    Int:  3    God:    Trog [*****.]
Gold:   573        SH:  0    Dex:  9    Spells: 8/8 levels left

rFire   . . .      SeeInvis .      - Unarmed
rCold   . . .      Faith    .    (no shield)
rNeg    + . .      Spirit   .    i - +2 robe {rN+}
rPois   .          Reflect  .    (helmet restricted)
rElec   .          Harm     .    h - +2 cloak
rCorr   .          Rampage  .    (gloves unavailable)
Will    ++...      NoTele   +    (boots unavailable)
Stlth   +                        (no amulet)
HPRegen 2.16/turn                j - +5 ring of evasion
MPRegen 0.11/turn                (no ring)

@: confused, lethally poisoned (-8 -> -56), strong-willed, on berserk cooldown,
regenerating, slowed, very slow
A: large, unfitting armour, claws 3, regeneration 1, shaggy fur 1, tough skin 1
a: Renounce Religion, Berserk, Trog's Hand, Brothers in Arms


You were in the Dungeon.
You worshipped Trog.
Trog was extremely pleased with you.
You visited 1 branch You collected 1311 gold pieces.
You spent 738 gold pieces at shops.

Inventory:

Hand Weapons
 c - a +1 great sword of flaming
Armour
 a - a +0 animal skin
 h - a +2 cloak (worn)
 i - a +2 robe of positive energy (worn)
Jewellery
 j - a +5 ring of evasion (left claw)
Scrolls
 g - a scroll of blinking
 k - a scroll of fog {unknown}
Potions
 b - 2 potions of curing
 d - a potion of haste
 e - 2 potions of magic
 f - a potion of berserk rage


   Skills:
 + Level 9.0 Fighting
 + Level 9.0 Dodging
 + Level 18.3 Unarmed Combat


You had 8 spell levels left.
You didn't know any spells.
Your spell library was empty.

Dungeon Overview and Level Annotations

Branches:
Dungeon (1/1)

Altars:
Cheibriados
Dithmenos
Elyvilon
Fedhas
Gozag
Hepliaklqana
Kikubaaqudgha
Makhleb
Qazlal
Ru
Sif Muna
Trog
Uskayaw
Vehumet
Wu Jian
Xom
Yredelemnul
Zin
The Shining One
Jiyva
Lugonu

Shops:
D [!:(!=![(*?(==:

Annotations:
D exclusions: oklob plant and orange crystal statue


Innate Abilities, Weirdness & Mutations

You are too large for most types of armour.
You have claws for hands.
Your natural rate of healing is unusually fast.
You are covered in fur. (AC +1)
You have tough skin. (AC +1)


Message History

You are no longer berserk.
You are exhausted.
You feel as though you will be slow longer.
You feel very sick. The death drake breathes miasma at you.
The foul vapour engulfs you!
You are more poisoned.
You bump into the stone wall.
You feel extremely sick. The death drake bites you.
The death drake barely misses you. The swamp drake bites you.
You mangle the death drake!!
The death drake is heavily wounded.
You feel very sick.
The death drake bites you but does no damage.
The swamp drake barely misses you.
You mangle the death drake!!
The death drake is almost dead.
You feel very sick. The death drake breathes miasma at you.
The foul vapour engulfs you.
You are more poisoned.
The death drake closely misses you.
The swamp drake is engulfed in dark miasma.
The swamp drake is poisoned.
The swamp drake misses you.
You miss the death drake. Your claw misses the death drake.
The death drake is almost dead.
You are engulfed in dark miasma.
You are more poisoned.
* * * LOW HITPOINT WARNING * * *
You feel extremely sick.
The death drake bites you but does no damage.
The swamp drake is engulfed in dark miasma.
The swamp drake bites you.
* * * LOW HITPOINT WARNING * * *
You bump into the stone wall.
You are engulfed in dark miasma.
You are more poisoned.
You feel as though you will be slow longer.
* * * LOW HITPOINT WARNING * * *
You die...

##§§§§≈§§## ##≈§§§§≈§≈≈##
+≈§§§§8§§§§≈##++##
###≈≈≈≈≈§≈§§##§..^### #~##
≈≈≈≈≈ #e≈.....#
#~~#+++#+++#####....# ##
~~~.........#..'...°# .#
~~~~.##'##..#..####°# k#
~~~~##...##.####@k9°##.#
~~~~#..#..#....#°k#°°°#
~~####.).####..#####°.#
~##.###'###.##..#..○°°# #
~#.#.##.##...#†.#..#..# .#
~+###÷.<.†.##'§.####..##.# $ (
~#.#.##.##...#..§§###...##▓▓▓▓
~##.###'###.##§.....~÷)~~~~~~~
~~#####.#####~~.....~#+#######


You could see a death drake, a crystal guardian and a swamp drake (poisoned).

Vanquished Creatures
  A fire dragon (D)
  A merfolk siren (D)
  A yaktaur (D)
  A hornet (D)
  3 polar bears (D)
  2 wyverns (D)
  3 yaks (D)
  Menkaure (D)
  A water moccasin (D)
  A swamp drake (D)
  3 black bears (D)
  4 necrophages (D)
  4 scorpions (D)
  A hell rat (D)
27 creatures vanquished.

Notes
Turn   | Place    | Note
-------+----------+-------------------------------------------
     0 | D        | Hubris850 the Troll Berserker began the quest for the Orb.
     0 | D        | Reached XP level 1. HP: 22/22 MP: 0/0
     1 | D        | Noticed a wyvern
     1 | D        | Noticed a wyvern
     7 | D        | Killed a wyvern
     8 | D        | Reached skill level 10 in Unarmed Combat
     8 | D        | Reached XP level 2. HP: 21/29 MP: 1/1
     8 | D        | Reached XP level 3. HP: 27/36 MP: 2/2
     8 | D        | Reached XP level 4. HP: 33/44 MP: 3/3
     8 | D        | Reached XP level 5. HP: 37/50 MP: 4/4
     8 | D        | Killed a wyvern
     9 | D        | Reached skill level 13 in Unarmed Combat
     9 | D        | Reached XP level 6. HP: 44/59 MP: 5/5
    73 | D        | Noticed a merfolk siren
    80 | D        | Killed a merfolk siren
    80 | D        | Reached ** piety under Trog
    81 | D        | Reached skill level 15 in Unarmed Combat
    81 | D        | Reached XP level 7. HP: 66/66 MP: 6/6
   134 | D        | Reached *** piety under Trog
   135 | D        | Reached skill level 16 in Unarmed Combat
   155 | D        | Reached **** piety under Trog
   156 | D        | Reached XP level 8. HP: 52/79 MP: 7/7
   191 | D        | Noticed a flying skull
   191 | D        | Noticed a flying skull
   191 | D        | Noticed a flying skull
   191 | D        | Noticed a flying skull
   191 | D        | Noticed a flying skull
   191 | D        | Noticed a flying skull
   191 | D        | Noticed a flying skull
   211 | D        | Reached skill level 5 in Fighting
   211 | D        | Reached skill level 5 in Dodging
   240 | D        | Noticed Menkaure
   241 | D        | Noticed an orange crystal statue
   244 | D        | Killed Menkaure
   282 | D        | Found Akupick's Jewellery Shoppe.
   282 | D        | Found Barus's Book Emporium.
   291 | D        | Found Vukauwonn's Jewellery Shoppe.
   292 | D        | Found Xolomp's Magic Scroll Shoppe.
   292 | D        | Found Ritu Diy's Weapon Emporium.
   293 | D        | Found Ixashuint's Weapon Shoppe.
   293 | D        | Found Jefess's General Store.
   294 | D        | Found Semm's Antique Armour Shoppe.
   295 | D        | Found Qudibaff's Distillery.
   295 | D        | Found Muneczekh's Jewellery Emporium.
   295 | D        | Noticed a hell hog
   295 | D        | Noticed a hell hog
   298 | D        | Found Xalea's Distillery.
   298 | D        | Found Nenet Effa's Antique Weapon Shoppe.
   298 | D        | Noticed an oklob plant
   299 | D        | Found Hyrphasa's Distillery.
   299 | D        | Found Goinn's Antique Armour Emporium.
   299 | D        | Found Diocsell's Book Shoppe.
   325 | D        | Bought a runed cloak for 157 gold pieces
   325 | D        | Bought a runed robe for 77 gold pieces
   330 | D        | Bought a +5 ring of evasion for 504 gold pieces
   355 | D        | Noticed a flying skull
   362 | D        | Noticed a flying skull
   363 | D        | Noticed a flying skull
   363 | D        | Noticed a flying skull
   367 | D        | Noticed a flying skull
   377 | D        | Found a snail-covered altar of Cheibriados.
   377 | D        | Found a hazy altar of Hepliaklqana.
   378 | D        | Found a viscous altar of Jiyva.
   378 | D        | Found a shadowy altar of Dithmenos.
   378 | D        | Found a stormy altar of Qazlal.
   379 | D        | Found an ancient bone altar of Kikubaaqudgha.
   379 | D        | Found a sacrificial altar of Ru.
   379 | D        | Found a white marble altar of Elyvilon.
   379 | D        | Noticed a polar bear
   379 | D        | Noticed a polar bear
   380 | D        | Found a shimmering blue altar of Sif Muna.
   380 | D        | Found a corrupted altar of Lugonu.
   380 | D        | Found an ornate altar of the Wu Jian Council.
   380 | D        | Found a blossoming altar of Fedhas.
   380 | D        | Noticed a polar bear
   381 | D        | Found a shimmering altar of Xom.
   381 | D        | Found a bloodstained altar of Trog.
   381 | D        | Found a burning altar of Makhleb.
   381 | D        | Found an opulent altar of Gozag.
   381 | D        | Noticed a yaktaur
   385 | D        | Noticed a hornet
   387 | D        | Killed a polar bear
   387 | D        | Reached ***** piety under Trog
   391 | D        | Killed a polar bear
   392 | D        | Reached skill level 17 in Unarmed Combat
   392 | D        | Found a glowing golden altar of the Shining One.
   392 | D        | Found a basalt altar of Yredelemnul.
   392 | D        | Found a hide-covered altar of Uskayaw.
   394 | D        | Paralysed by a hornet for 2 turns
   398 | D        | Killed a hornet
   398 | D        | Received a gift from Trog
   401 | D        | Killed a yaktaur
   402 | D        | Reached XP level 9. HP: 28/93 MP: 8/8
   402 | D        | Killed a polar bear
   403 | D        | Found a glowing silver altar of Zin.
   403 | D        | Found a radiant altar of Vehumet.
   483 | D        | Received a gift from Trog
   489 | D        | Noticed a deep elf master archer
   583 | D        | Noticed a fire dragon
   591 | D        | Killed a fire dragon
   592 | D        | Reached skill level 18 in Unarmed Combat
   608 | D        | Noticed a death drake
   610 | D        | Noticed a crystal guardian
   631 | D        | Succumbed to a death drake's dark miasma

Illustrated notes

Levels and vault maps discovered:
D:        the_violet_keep_of_menkaure [sprint2_stairs_cluster_1,
          sprint2_shoproom, sprint2_temple, sprint2_basic_supplies,
          sprint2_obstacle_1, sprint2_obstacle_7, sprint2_obstacle_4,
          sprint2_obstacle_5, sprint2_obstacle_2, sprint2_timed_cluster_1,
          sprint2_smallroom_cluster_1, sprint2_smallroom_final_cluster_1,
          sprint2_transparent_cluster_1, sprint2_second_timed_cluster_1,
          sprint2_sniper_area_1, sprint2_heavy_combat_area_1,
          sprint2_mutation_trap_area_1, sprint2_forest_area_1,
          sprint2_light_combat_area_1, sprint2_behind_water_1,
          sprint2_near_end_vault_1]

Skill      XL: |  1  2  3  4  5  6  7  8  9 |
---------------+----------------------------+-----
Unarmed Combat | 10 13 15 16 17 18 | 18.3
Fighting       | 4 7 9 |  9.0
Dodging        | 4 7 9 |  9.0

Action                     |  1- 3 |  4- 6 |  7- 9 || total
---------------------------+-------+-------+-------++-------
  Melee: Unarmed           |     5 |     6 |    73 ||    84
         Punch             |       |       |     5 ||     5
 Invoke: Berserk           |     1 |     1 |     2 ||     4
         Trog's Hand       |       |       |     1 ||     1
    Use: Potion            |       |       |     1 ||     1
 Armour: Animal skin       |     2 |       |     4 ||     6
         Robe              |       |       |    38 ||    38
  Dodge: Dodged            |       |     2 |    62 ||    64

Table legend: (Time is in decaauts)
 A = Elapsed time spent in this place.
 B = Non-inter-level travel time spent in this place.
 C = Inter-level travel time spent in this place.
 D = Time resting spent in this place.
 E = Time spent auto-exploring this place.
 F = Levels seen in this place.
 G = Mean time per level.
                   A        B        C        D        E       F      G
               +--------+--------+--------+--------+--------+-----+--------+
         Total |    641 |    641 |      0 |    329 |      0 |   1 |  641.0 |
       Dungeon |    641 |    641 |      0 |    329 |      0 |   1 |  641.0 |
               +--------+--------+--------+--------+--------+-----+--------+

Top non-repeatable levels by time:
       D: 641 daAuts
